 Dungeon Crawl Stone Soup version 0.31.0-9-g3a7656b989 (webtiles) character file.

Game seed: 14762364357421632067

344 qw the Skirmisher (level 6, 0/35 HPs)
             Began as a Deep Elf Hunter on Feb 2, 2024.
             Incinerated by a bombardier beetle (3 damage)
             ... with a burning spray
             ... on level 3 of the Dungeon.
             The game lasted 00:00:10 (2184 turns).

qw the Skirmisher (Deep Elf Hunter)                 Turns: 2184, Time: 00:00:11

Health: 0/35       AC:  7    Str: 10    XL:     6   Next: 31%
Magic:  8/8        EV: 11    Int: 14    God:
Gold:   80         SH:  0    Dex: 18    Spells: 5/5 levels left

rFire   + . .        a - +0 shortbow
rCold   . . .        (shield currently unavailable)
rNeg    . . .        e - +2 ring mail {rF+}
rPois   .            (no helmet)
rElec   .            (no cloak)
rCorr   .            (no gloves)
SInv    .            (no boots)
Will    .....        (no amulet)
Stlth   +            (no ring)
HPRegen 0.25/turn    (no ring)
MPRegen 0.11/turn

%: no passive effects
@: on fire, glowing
A: no striking features
a: no special abilities


You were on level 3 of the Dungeon.
You visited 1 branch of the dungeon, and saw 3 of its levels.

You collected 140 gold pieces.
You spent 60 gold pieces at shops.


   Skills:
 - Level 2.1 Fighting
 + Level 9.8 Ranged Weapons
 - Level 2.4 Dodging
 - Level 1.2 Stealth


You had 5 spell levels left.
You didn't know any spells.
Your spell library was empty.

Inventory:

Hand Weapons
 a - a +0 shortbow (weapon)
Armour
 e - a +2 ring mail of fire resistance (worn)
Wands
 j - a wand of light (4)
Scrolls
 c - 2 scrolls of fear {unknown}
 d - a scroll of silence {unknown}
 i - a scroll of enchant weapon {unknown}
 l - a scroll of teleportation
Potions
 b - 2 potions of heal wounds
 g - a potion of brilliance

Dungeon Overview and Level Annotations

Branches:
Dungeon (3/15)

Altars:
Nemelex Xobeh

Shops:
D:3 *


Message History

The liquid fire burns you!
You are on fire!
The liquid fire burns you!
You are on fire!
The liquid fire burns you!
You are on fire!
The liquid fire burns you!
You are on fire!
The liquid fire burns you!
You are on fire!
The liquid fire burns you!
You are on fire!
The liquid fire burns you!
You are on fire!
The liquid fire burns you!
You are on fire!
The liquid fire burns you!
You are on fire!
The liquid fire burns you!
You are on fire!
The liquid fire burns you!
You are on fire!
The liquid fire burns you!
You are on fire!
The liquid fire burns you!
You are on fire!
The liquid fire burns you!
You are on fire!
The liquid fire burns you!
You are on fire!
The liquid fire burns you!
You are on fire!
The liquid fire burns you!
You are on fire!
The liquid fire burns you!
You are on fire!
The liquid fire burns you!
You are on fire!
The liquid fire burns you!
You die...

#.#.o>..)..[........# #......
.)..###.###.#.#...#.# #...##.
#.#####.###.#.###)%.# #......
#. #.........# ##.## #...#..
.o
#.......######.########...#..
..
#.......##......##........#..
##
#.......##.###..\............
#.......# ###..##...........
#.......# #@...#####........
#.......# #.##.# #........
######### #.##.# #.#.....#
..%..# #.#.....# ##.####
#.......# ..# #.......# ###
#..###.## ###########......#.
#>.....#..........#


There were no monsters in sight!

Vanquished Creatures
  A bombardier beetle (D:3)
  Jessica (D:3)
  Ijyb (D:3)
  Natasha (thrice) (D:3)
  An orc wizard (D:3)
  3 gnolls (D:3)
  4 adders
  A dart slug (D:1)
  2 ribbon worms (D:3)
  8 orcs
  3 endoplasms
  2 giant cockroaches
  4 goblins
  7 hobgoblins
  11 jackals
  4 kobolds (D:1)
  2 quokkas
  8 ball pythons
  8 bats
  4 frilled lizards
  7 rats
85 creatures vanquished.

Notes
Turn   | Place    | Note
-------+----------+-------------------------------------------
     0 | D:1      | qw the Deep Elf Hunter began the quest for the Orb.
     0 | D:1      | Reached XP level 1. HP: 12/12 MP: 3/3
     0 | D:1      | 0 ||| qw: Version: 0.3-a-155-g5e7d8dd
     0 | D:1      | 0 ||| qw: Game counter: 406
     0 | D:1      | 0 ||| qw: Melee chars always use a shield: true
     0 | D:1      | 0 ||| qw: God list: Okawaru
     0 | D:1      | 0 ||| qw: Allow faded altars: false
     0 | D:1      | 0 ||| qw: Do Orc after clearing Dungeon:15 true
     0 | D:1      | 0 ||| qw: Do second Lair branch before Depths: true
     0 | D:1      | 0 ||| qw: Lair rune preference: random
     0 | D:1      | 0 ||| qw: Goals: Normal
     0 | D:1      | 0 ||| PLANNING D:1-11
   121 | D:1      | Reached skill level 6 in Ranged Weapons
   121 | D:1      | Reached XP level 2. HP: 16/16 MP: 4/4
   588 | D:1      | Reached XP level 3. HP: 20/20 MP: 5/5
   662 | D:1      | 662 ||| READING scroll labelled HACUQI JONEN.
   663 | D:1      | 663 ||| READING scroll labelled HYIQAM MUKH.
   666 | D:1      | 666 ||| DROPPING scroll of butterflies.
   760 | D:2      | HP: 5/20 [goblin/sling bullet (4)]
   927 | D:2      | Reached skill level 7 in Ranged Weapons
  1093 | D:2      | Found the +8 whip "Snakebite" {venom, curare, rPois}
  1168 | D:2      | Reached XP level 4. HP: 25/25 MP: 6/6
  1261 | D:2      | 1261 ||| UPGRADING to +0 ring mail.
  1271 | D:2      | 1271 ||| DROPPING +0 leather armour.
  1272 | D:2      | 1272 ||| UPGRADING to +2 ring mail of fire resistance.
  1282 | D:2      | 1282 ||| DROPPING +0 ring mail.
  1283 | D:2      | 1283 ||| READING scroll labelled OPNIDI YNOEPY.
  1283 | D:2      | 1283 ||| IDENTIFYING cyan potion
  1284 | D:2      | 1284 ||| READING scroll labelled SEOH CEVED.
  1285 | D:2      | 1285 ||| READING scroll labelled UTIPPU MOAP.
  1286 | D:2      | 1286 ||| DROPPING potion of lignification.
  1326 | D:3      | 1326 ||| STAIRDANCE
  1332 | D:3      | 1332 ||| STAIRDANCE
  1351 | D:3      | Found a sparkling altar of Nemelex Xobeh.
  1484 | D:3      | Reached skill level 8 in Ranged Weapons
  1554 | D:3      | Reached XP level 5. HP: 29/29 MP: 7/7
  1683 | D:3      | Found Soanin's General Store.
  1690 | D:3      | Noticed Natasha
  1692 | D:3      | Killed Natasha
  1704 | D:3      | 1704 ||| BUYING potion of heal wounds (60 gold).
  1704 | D:3      | Bought a potion of heal wounds for 60 gold pieces
  1704 | D:3      | 1704 ||| SHOPLISTING ring of protection from fire (300
                  | gold, have 58).
  1710 | D:3      | Noticed Ijyb
  1722 | D:3      | Killed Ijyb
  1723 | D:3      | Reached skill level 9 in Ranged Weapons
  1818 | D:3      | 1818 ||| FLEEEEING.
  1819 | D:3      | 1819 ||| FLEEEEING.
  1820 | D:3      | 1820 ||| FLEEEEING.
  1821 | D:3      | 1821 ||| FLEEEEING.
  1822 | D:3      | 1822 ||| DRINKING metallic sapphire potion.
  1823 | D:3      | 1823 ||| DRINKING 2 viscous green potions.
  1824 | D:3      | 1824 ||| DRINKING murky red potion.
  1830 | D:3      | 1830 ||| FLEEEEING.
  1831 | D:3      | 1831 ||| FLEEEEING.
  1832 | D:3      | 1832 ||| FLEEEEING.
  1833 | D:3      | 1833 ||| FLEEEEING.
  1834 | D:3      | 1834 ||| FLEEEEING.
  1836 | D:3      | 1836 ||| FLEEEEING.
  1836 | D:3      | Noticed Natasha
  1839 | D:3      | 1839 ||| FLEEEEING.
  1840 | D:3      | 1840 ||| FLEEEEING.
  1841 | D:3      | 1841 ||| FLEEEEING.
  1848 | D:3      | Killed Natasha
  1849 | D:3      | 1849 ||| FLEEEEING.
  1851 | D:3      | 1851 ||| FLEEEEING.
  1852 | D:3      | 1852 ||| FLEEEEING.
  1853 | D:3      | 1853 ||| FLEEEEING.
  1854 | D:3      | 1854 ||| FLEEEEING.
  1855 | D:3      | 1855 ||| FLEEEEING.
  1856 | D:3      | 1856 ||| FLEEEEING.
  1957 | D:3      | Noticed Jessica
  1960 | D:3      | Killed Jessica
  1961 | D:3      | Reached XP level 6. HP: 35/35 MP: 8/8
  2024 | D:3      | Identified the +4 hand axe of Traps {flame, *Corrode rPois
                  | rC- Dex+8}
  2100 | D:3      | Noticed Natasha
  2107 | D:3      | Killed Natasha
  2180 | D:3      | HP: 8/35 [burnt (2)]
  2182 | D:3      | HP: 3/35 [burnt (3)]
  2184 | D:3      | Incinerated by a bombardier beetle

Levels and vault maps discovered:
D:1:      spicycebolla_arrival_xxxplode, layout_loops_ring
D:2:      layout_basic
D:3:      layout_loops_cross, mainiacjoe_overflow_cross_hatched, serial_shops,
          shop, minmay_misc_feat_columns, uniq_ijyb, uniq_jessica, uniq_natasha

Skill      XL: |  1  2  3  4  5 |
---------------+----------------+-----
Ranged Weapons | 6 7 8 9 |  9.8
Fighting       | 2 |  2.1
Dodging        | |  2.4
Stealth        | |  1.2

Action                     |  1- 3 |  4- 6 || total
---------------------------+-------+-------++-------
   Fire: Shortbow          |   120 |   148 ||   268
    Use: Scroll            |     2 |     3 ||     5
         Potion            |       |     3 ||     3
 Armour: Leather armour    |    26 |       ||    26
         Ring mail         |       |    53 ||    53
  Dodge: Dodged            |    32 |    35 ||    67

Table legend:
 A = Non-vault XP
 B = Vault XP
 C = Vault XP percentage of total XP
 D = Non-vault monster count
 E = Vault monster count
 F = Vault count percentage of total count
                 A         B        C        D         E       F
            +---------+---------+-------+---------+---------+-------
      Total |     383 |     109 |  22.2 |      82 |       3 |   3.5
            +---------+---------+-------+---------+---------+-------
        D:1 |      41 |       0 |   0.0 |      26 |       0 |   0.0
        D:2 |      87 |       0 |   0.0 |      29 |       0 |   0.0
        D:3 |     255 |     109 |  29.9 |      27 |       3 |  10.0
            +---------+---------+-------+---------+---------+-------
